 Dungeon Crawl Stone Soup version 0.30-a0-862-g1aabd4f9c5 (webtiles) character file.

Game seed: 2028428759497202685

135 Pimp the Conjurer (level 4, -14/30 HPs)
             Began as a Demonspawn Conjurer on Mar 9, 2023.
             Killed by divine providence
             ... invoked by an orc priest
              (15 damage)
             ... on level 3 of the Dungeon.
             The game lasted 00:10:31 (2238 turns).

Pimp the Conjurer (Demonspawn Conjurer)             Turns: 2238, Time: 00:10:33

Health: -14/30     AC:  3    Str:  7    XL:     4   Next: 96%
Magic:  8/8        EV: 11    Int: 21    God:
Gold:   106        SH:  0    Dex: 12    Spells: 1/8 levels left

rFire   . . .      SeeInvis .    f - +0 short sword (drain)
rCold   . . .      Faith    .    (no shield)
rNeg    . . .      Spirit   .    k - +0 leather armour
rPois   .          Reflect  .    (helmet restricted)
rElec   .          Rampage  .    (no cloak)
rCorr   .                        (no gloves)
Will    .....                    (no boots)
Stlth   ++                       (no amulet)
HPRegen 0.25/turn                (no ring)
MPRegen 0.11/turn                (no ring)

@: no status effects
A: antennae 2
a: no special abilities


You were on level 3 of the Dungeon.
You visited 1 branch of the dungeon, and saw 3 of its levels.

You collected 106 gold pieces.

Inventory:

Hand Weapons
 d - a +0 dagger
 f - a +0 short sword of draining (weapon)
Missiles
 e - 4 atropa-tipped darts (quivered)
 m - a throwing net
Armour
 a - a +0 robe
 c - a +0 scale mail
 k - a +0 leather armour (worn)
Scrolls
 n - 2 scrolls of amnesia {unknown}
Potions
 b - a potion of magic
 g - 3 potions of degeneration
 h - a potion of lignification
 i - a potion of mutation {unknown}
 l - a potion of cancellation {unknown}
 p - a potion of curing


   Skills:
 + Level 0.2 Fighting
 + Level 0.1 Short Blades
 * Level 1.6 Armour
 + Level 2.5 Dodging
 + Level 2.6 Stealth
 + Level 2.7 Spellcasting
 + Level 4.5 Conjurations
 + Level 0.2 Hexes


You had one spell level left.
You knew the following spells:

 Your Spells              Type           Power      Damage    Failure   Level
a - Magic Dart            Conj           84%        1d7       3%          1
b - Searing Ray           Conj           42%        2d6       4%          2
c - Fulminant Prism       Conj/Hex       6%         3d7       58%         4

Your spell library contained the following spells:

 Spells                   Type           Power      Damage    Failure   Level
 Apportation              Tloc           4%         N/A       21%         1
 Necrotise                Necr           8%         1d4       21%         1
 Summon Small Mammal      Summ           8%         N/A       21%         1
 Dazzling Flash           Conj/Hex       24%        N/A       22%         3
 Lesser Beckoning         Tloc           4%         N/A       30%         2
 Gell's Gravitas          Tloc           2%         N/A       52%         3
 Ozocubu's Armour         Ice            2%         N/A       52%         3
 Teleport Other           Tloc           2%         N/A       52%         3
 Vhi's Electric Charge    Tloc/Air       4%         N/A       52%         3
 Iskenderun's Mystic Bla  Conj/Tloc      12%        2d5       61%         4
 Arcjolt                  Conj/Air       6%         1d16      91%         5
 Metabolic Englaciation   Hex/Ice        1%         N/A       99%         5
 Simulacrum               Ice/Necr       1%         N/A       100%        6
 Maxwell's Capacitive Co  Air            1%         ∞         100%        8


Dungeon Overview and Level Annotations

Branches:
Dungeon (3/15)

Altars:


Innate Abilities, Weirdness & Mutations

You have a pair of antennae on your head.


Message History

You see here a +0 halberd.
Found a club.
You now have 92 gold pieces (gained 8).
A hobgoblin comes into view.
Found 14 gold pieces.
The hobgoblin shouts!
The hobgoblin barely misses you.
You hit the hobgoblin.
You kill the hobgoblin!
Found 6 stones.
You now have 106 gold pieces (gained 14). 2 orcs come into view.
An orc comes into view. It is wielding a +0 whip.
The orc shouts!
You hear a shout!
The orc shouts!
An orc priest comes into view. It is wielding a +0 dagger.
Found 12 gold pieces. 2 gnolls come into view.
A gnoll comes into view. It is wielding a +0 whip.
The gnoll shouts!
The orc hits you with a +0 flail. The orc attacks as you move away!
The orc hits you with a +0 flail.
The orc priest looks satisfied for a moment.
The orc attacks as you move away! The orc closely misses you.
Casting: Searing Ray (safe; 4% risk of failure)
Confirm with . or Enter, or press ? or * to list all spells.
You don't know that spell.
Unknown command.
This is a scroll of acquirement!
Something appears at your feet! The orc hits you with a +0 flail.
The orc priest casts a cantrip, but nothing happens.
The gnoll hits you from afar with a +0 halberd!
Ouch! That really hurt!
* * * LOW HITPOINT WARNING * * *
It was a potion of curing.
You feel better. The orc hits you with a +0 hand axe.
* * * LOW HITPOINT WARNING * * *
The orc priest invokes the aid of Beogh against you.
Beogh smites you!
Ouch! That really hurt!
You die...

##### #...# #...#####
#.......# . ###.......#
... #..g......###.....
+@..o.g..........g
.....
#oo.......###..g..
.....
#######...........
.o...## ####...........
....o..###....(......##
.#.....#...o...........
.......#.............##
....o.................#
.......................


You could see an orc priest, 2 gnolls and 2 orcs.

Vanquished Creatures
  3 gnolls (D:3)
  6 adders
  2 ball pythons (D:1)
  5 endoplasms
  2 giant cockroaches
  4 goblins
  4 hobgoblins
  6 jackals
  4 bats
  10 kobolds
  8 rats
54 creatures vanquished.

Notes
Turn   | Place    | Note
-------+----------+-------------------------------------------
     0 | D:1      | Pimp the Demonspawn Conjurer began the quest for the Orb.
     0 | D:1      | Reached XP level 1. HP: 13/13 MP: 3/3
    72 | D:1      | Found a faded altar of an unknown god.
   240 | D:2      | Gained mutation: You have a pair of small antennae on your
                  | head. [demonic ancestry]
   240 | D:2      | Reached XP level 2. HP: 19/19 MP: 3/5
   253 | D:2      | Learned a level 2 spell: Searing Ray
   446 | D:2      | Reached XP level 3. HP: 17/24 MP: 0/6
   734 | D:2      | Reached skill level 1 in Armour
  1250 | D:3      | Gained mutation: You have a pair of antennae on your head.
                  | [demonic ancestry]
  1250 | D:3      | Reached XP level 4. HP: 22/30 MP: 2/7
  1921 | D:1      | Learned a level 4 spell: Fulminant Prism
  2237 | D:3      | Identified a scroll of acquirement
  2237 | D:3      | Acquired a staff of conjuration
  2237 | D:3      | HP: 1/30 [gnoll/+0 halberd (15)]
  2238 | D:3      | Killed from afar by an orc priest

Illustrated notes

Levels and vault maps discovered:
D:1:      scummos_arrival_checkerplants, layout_basic,
          ebering_ecumenical_altar_abandoned
D:2:      layout_loops_ring
D:3:      layout_basic

Skill      XL: |  1  2  3 |
---------------+----------+-----
Stealth        | 2 |  2.6
Dodging        | 2 |  2.5
Armour         | 1 |  1.6
Fighting       | |  0.2
Short Blades   | |  0.1
Spellcasting   | |  2.7
Conjurations   | |  4.5
Hexes          | |  0.2

Action                     |  1- 3 |  4- 6 || total
---------------------------+-------+-------++-------
  Melee: Short sword       |    34 |    25 ||    59
         Dagger            |     1 |       ||     1
         Punch             |       |     1 ||     1
  Throw: Dart              |     2 |     1 ||     3
   Cast: Magic Dart        |    26 |     4 ||    30
         Searing Ray       |     5 |     9 ||    14
    Use: Scroll            |     5 |     2 ||     7
         Potion            |       |     1 ||     1
   Stab: Sleeping          |     1 |     2 ||     3
 Armour: Robe              |    11 |       ||    11
         Leather armour    |     2 |    10 ||    12
  Dodge: Dodged            |    26 |    26 ||    52

Table legend: (Time is in decaauts)
 A = Elapsed time spent in this place.
 B = Non-inter-level travel time spent in this place.
 C = Inter-level travel time spent in this place.
 D = Time resting spent in this place.
 E = Time spent auto-exploring this place.
 F = Levels seen in this place.
 G = Mean time per level.
                   A        B        C        D        E       F      G
               +--------+--------+--------+--------+--------+-----+--------+
         Total |   2237 |   2106 |    131 |    627 |    877 |   3 |  745.7 |
       Dungeon |   2237 |   2106 |    131 |    627 |    877 |   3 |  745.7 |
               +--------+--------+--------+--------+--------+-----+--------+

Top non-repeatable levels by time:
     D:2: 1221 daAuts
     D:1: 756 daAuts
     D:3: 259 daAuts
